 Dungeon Crawl Stone Soup version 0.27-a0-366-g8badd94918 (webtiles) character file.

Game seed: 10066841555625494703

26 wampuh the Grave Robber (level 2, -2/19 HPs)
             Began as a Demonspawn Necromancer on Feb 17, 2021.
             Slain by Natasha (9 damage)
             ... on level 2 of the Dungeon.
             The game lasted 00:02:08 (1341 turns).

wampuh the Grave Robber (Demonspawn Necromancer)    Turns: 1341, Time: 00:02:08

Health: -2/19      AC:  2    Str:  8    XL:     2   Next: 89%
Magic:  0/5        EV: 12    Int: 16    God:
Gold:   9          SH:  0    Dex: 19    Spells: 4/5 levels left

rFire    . . .     SeeInvis .   c - +0 dagger
rCold    . . .     Faith    .   (no shield)
rNeg     . . .     Spirit   .   a - +0 robe
rPois    .         Reflect  .   (no helmet)
rElec    .         Harm     .   (no cloak)
rCorr    .         Rampage  .   (no gloves)
Will     .....                  (no boots)
Stlth    ++........             (no amulet)
HPRegen  0.06/turn              (no ring)
MPRegen  0.09/turn              f - +6 ring of dexterity

@: no status effects
A: hooves 1
a: no special abilities


You were on level 2 of the Dungeon.
You visited 1 branch of the dungeon, and saw 2 of its levels.

You collected 9 gold pieces.

Inventory:

Hand Weapons
 c - a +0 dagger (weapon)
Armour
 a - a +0 robe (worn)
Jewellery
 e - a ring of ice
 f - a +6 ring of dexterity (right hand)
Scrolls
 b - a scroll of random uselessness {unknown}
 g - a scroll of teleportation {unknown}
 h - a scroll of identify {unknown}
 j - a scroll of immolation {unknown}
Potions
 d - a potion of mutation {unknown}
 i - a potion of brilliance {unknown}
 k - a potion of curing {unknown}


   Skills:
 + Level 0.1 Short Blades
 - Level 1.7 Dodging
 - Level 1.7 Stealth
 + Level 2.2 Spellcasting
 * Level 5.2 Necromancy


You had 4 spell levels left.
You knew the following spells:

 Your Spells              Type           Power        Failure   Level
a - Pain                  Necr           72%          2%          1

Your spell library contained the following spells:

 Spells                   Type           Power        Failure   Level
 Animate Skeleton         Necr           36%          2%          1
 Vampiric Draining        Necr           9%           7%          3
 Animate Dead             Necr           9%           24%         4
 Agony                    Necr           18%          54%         5


Dungeon Overview and Level Annotations

Branches:
Dungeon (2/15)

Altars:

Annotations:
D:2 Natasha


Innate Abilities, Weirdness & Mutations

You have large cloven feet.


Message History

The goblin writhes in agony.
You kill the goblin!
The kobold shouts!
The ball python hisses angrily.
Casting: Pain (safe; 2% risk of failure)
Confirm with . or Enter, or press ? or * to list all spells.
Aiming: Pain (safe; 2% risk of failure)
Press: ? - help, Shift-Dir - straight line, f - ball python
Aim: a ball python (chance to affect: 89%)
The ball python writhes in agony!
You kill the ball python!
The kobold throws a stone.
The stone hits you but does no damage.
Casting: Pain (safe; 2% risk of failure)
Confirm with . or Enter, or press ? or * to list all spells.
Aiming: Pain (safe; 2% risk of failure)
Press: ? - help, Shift-Dir - straight line, f - kobold
Aim: a kobold, wielding a +0 short sword and quivering stones (chance to affect: 89%)
The kobold writhes in agony.
You kill the kobold!
Natasha, Servant of Life and Death comes into view.
Casting: Pain (safe; 2% risk of failure)
Confirm with . or Enter, or press ? or * to list all spells.
You don't know that spell.
Casting: Pain (safe; 2% risk of failure)
Confirm with . or Enter, or press ? or * to list all spells.
Aiming: Pain (safe; 2% risk of failure)
Press: ? - help, Shift-Dir - straight line, f - Natasha
Aim: Natasha (wandering, hasn't noticed you, chance to affect: 78%) Natasha writhes in agony.
Natasha claws you!
Casting: Pain (safe; 2% risk of failure)
Confirm with . or Enter, or press ? or * to list all spells.
Aiming: Pain (safe; 2% risk of failure)
Press: ? - help, Shift-Dir - straight line, f/p - Natasha
Aim: Natasha (lightly wounded, chance to affect: 78%) Natasha writhes in agony!
Natasha misses you.
You hit Natasha but do no damage.
Natasha is severely wounded.
You closely miss Natasha.
Natasha is severely wounded.
Natasha claws you!
You die...

#.# #.#
#.# #.#
#.# # #.#
###.#.#.#
...).)h@#
###.#.###
#


You could see Natasha.

Vanquished Creatures
  A dart slug (D:1)
  3 leopard geckos (D:1)
  2 bats (D:1)
  6 goblins
  2 hobgoblins (D:1)
  2 kobolds
  2 ball pythons
18 creatures vanquished.

Notes
Turn   | Place    | Note
-------+----------+-------------------------------------------
     0 | D:1      | wampuh the Demonspawn Necromancer began the quest for the
                  | Orb.
     0 | D:1      | Reached XP level 1. HP: 13/13 MP: 3/3
   559 | D:1      | Gained mutation: You have large cloven feet. [demonic
                  | ancestry]
   559 | D:1      | Reached XP level 2. HP: 13/19 MP: 0/5
   772 | D:1      | Reached skill level 5 in Necromancy
  1337 | D:2      | Noticed Natasha
  1341 | D:2      | Slain by Natasha

Illustrated notes

Levels and vault maps discovered:
D:1:      dpeg_arrival_rhombus, layout_loops_ring,
          corexii_item_surrounded_by_moat, hangedman_decor_growths,
          chequers_garden
D:2:      layout_loops_ring, grunt_temple_overflow_open, wad_orctagon,
          uniq_natasha, uniq_terence

Skill      XL: |  1  2 |
---------------+-------+-----
Necromancy     | 5 |  5.2
Short Blades   | |  0.1
Dodging        | |  1.7
Stealth        | |  1.7
Spellcasting   | |  2.2

Action                   || total
-------------------------++-------
Melee: Dagger            ||    35
       Unarmed           ||     1
       Kick              ||     8
 Cast: Pain              ||    25
 Stab: Sleeping          ||     1
Armor: Robe              ||    12
Dodge: Dodged            ||    32

Table legend: (Time is in decaauts)
 A = Elapsed time spent in this place.
 B = Non-inter-level travel time spent in this place.
 C = Inter-level travel time spent in this place.
 D = Time resting spent in this place.
 E = Time spent auto-exploring this place.
 F = Levels seen in this place.
 G = Mean time per level.
                   A        B        C        D        E       F      G
               +--------+--------+--------+--------+--------+-----+--------+
         Total |   1338 |   1324 |     14 |    516 |    676 |   2 |  669.0 |
       Dungeon |   1338 |   1324 |     14 |    516 |    676 |   2 |  669.0 |
               +--------+--------+--------+--------+--------+-----+--------+

Top non-repeatable levels by time:
     D:1: 1331 daAuts
     D:2: 6 daAuts
